 Dungeon Crawl Stone Soup version 0.26.0-20-g3ca415f5b8 (webtiles) character file.

Game seed: 8990594868689763902

121 Gnirx the Digger (level 5, -8/28 HPs)
             Began as a Gargoyle Earth Elementalist on Jan 25, 2021.
             Was an Initiate of Vehumet.
             Killed from afar by a steam dragon (19 damage)
             ... with a ball of steam
             ... on level 4 of the Dungeon.
             The game lasted 00:06:39 (3235 turns).

Gnirx the Digger (Gargoyle Earth Elementalist)      Turns: 3235, Time: 00:06:39

Health: -8/28      AC:  9    Str: 12    XL:     5   Next: 5%
Magic:  7/10       EV: 12    Int: 16    God:    Vehumet [......]
Gold:   167        SH:  0    Dex: 10    Spells: 5/11 levels left

rFire    . . .     SeeInvis .   a - +0 flail
rCold    . . .     Faith    .   (no shield)
rNeg     + . .     Spirit   .   c - +0 robe
rPois    ∞         Reflect  .   m - +1 helmet
rElec    +         Harm     .   (no cloak)
rCorr    .         Rampage  .   d - +0 pair of gloves
Will     .....                  (no boots)
Stlth    ++........             (no amulet)
HPRegen  0.09/turn              (no ring)
MPRegen  0.12/turn              (no ring)

@: no status effects
A: negative energy resistance 1, electricity resistance, unbreathing,
petrification resistance, miasma immunity, AC +4
a: Renounce Religion


You were on level 4 of the Dungeon.
You worshipped Vehumet.
Vehumet was noncommittal.
You visited 1 branch of the dungeon, and saw 4 of its levels.

You collected 167 gold pieces.

Inventory:

Hand Weapons
 a - a +0 flail (weapon)
 n - a +1 whip
Missiles
 b - 96 stones
Armour
 c - a +0 robe (worn)
 d - a +0 pair of gloves (worn)
 m - a +1 helmet (worn)
Jewellery
 e - an uncursed amulet of faith
Scrolls
 g - a scroll of remove curse
 k - 2 scrolls of identify
Potions
 f - 3 potions of magic
 h - 2 potions of attraction {unknown}
 i - 3 potions of lignification
 j - a potion of mutation {unknown}
 l - a potion of degeneration {unknown}


   Skills:
 + Level 0.5 Maces & Flails
 - Level 1.5 Dodging
 - Level 2.1 Stealth
 + Level 3.5 Spellcasting
 - Level 0.7 Transmutations
 + Level 5.3 Earth Magic


You had 5 spell levels left.
You knew the following spells:

 Your Spells              Type           Power        Failure   Level
a - Sandblast             Erth           40%          1%          1
b - Passwall              Tmut/Erth      10%          8%          2
c - Stone Arrow           Conj/Erth      22%          19%         3

Your spell library contained the following spells:

 Spells                   Type           Power        Failure   Level
 Petrify                  Tmut/Erth      12%          45%         4
 Lee's Rapid Deconstruct  Erth           10%          47%         5


Dungeon Overview and Level Annotations

Branches:
Dungeon (4/15)
 Temple: D:4-7

Altars:
Vehumet


Innate Abilities, Weirdness & Mutations

You are resistant to torment.
Your stone body is resilient. (AC +4)
You are immune to poison.
You resist negative energy. (rN+)
You are resistant to electric shocks. (rElec)
You can survive without breathing.
You are immune to petrification.
You are immune to miasma.


Message History

The steam dragon hisses angrily.
The steam dragon breathes steam at you. The ball of steam hits you!
Ouch! That really hurt!
Aiming: Sandblast (safe; 1% risk of failure)
Press: ? - help, Q - select action, (/) - cycle Shift-Dir - straight line, f/p - steam dragon
Aim: a steam dragon (moderately wounded, catching its breath, 19% to evade)
The blast of sand hits the steam dragon but does no damage.
The steam dragon is moderately wounded.
You are engulfed in a cloud of scalding steam.
Aiming: Sandblast (safe; 1% risk of failure)
Press: ? - help, Q - select action, (/) - cycle Shift-Dir - straight line, f/p - steam dragon
Aim: a steam dragon (moderately wounded, 19% to evade)
The blast of sand misses the steam dragon.
The steam dragon misses you. The steam dragon barely misses you.
Unknown command.
The steam dragon breathes steam at you. The ball of steam hits you!!
Ouch! That really hurt!
You die...

#.# #########
#......## #.
####.####.......#
#.......# #.
#.......#.......#
#.>#.#..####.
#.##.##.#....?..#
#....#.......
#.##.##.#.......#
#..##........
#.##.##.#.......#
#..##........
#.##.##.#.....D§#
#.......####.
#.......#.....§§#
##......# #.
####.##########@#
#.##.### #.
#.#.......##.# #. #.
#. #.#.#####.##.# #.
#.
#.#.#####.##.#####.
#.#.##..............
#.#.##.##...........
#......##...#######.
###.......###
#########


You could see a steam dragon (catching breath).

Vanquished Creatures
  An orc wizard (D:4)
  A howler monkey skeleton (D:4)
  3 adders
  A worm (D:3)
  A dart slug (D:2)
  2 leopard geckos
  7 orcs
  9 goblins
  2 hobgoblins (D:1)
  3 jackals (D:2)
  5 kobolds
  2 ball pythons
  2 bats
  5 frilled lizards
  4 rats (D:1)
48 creatures vanquished.

Notes
Turn   | Place    | Note
-------+----------+-------------------------------------------
     0 | D:1      | Gnirx the Gargoyle Earth Elementalist began the quest for
                  | the Orb.
     0 | D:1      | Reached XP level 1. HP: 10/10 MP: 3/3
   260 | D:1      | Reached skill level 4 in Earth Magic
   263 | D:1      | Reached XP level 2. HP: 10/15 MP: 0/5
  1140 | D:2      | Reached XP level 3. HP: 19/19 MP: 4/6
  2248 | D:3      | Learned a level 2 spell: Passwall
  2252 | D:3      | Learned a level 3 spell: Stone Arrow
  2377 | D:3      | Reached XP level 4. HP: 24/24 MP: 6/8
  2423 | D:3      | Reached skill level 5 in Earth Magic
  2723 | D:3      | Found a radiant altar of Vehumet.
  2727 | D:3      | Became a worshipper of Vehumet
  3111 | D:4      | Reached XP level 5. HP: 28/28 MP: 6/10
  3228 | D:4      | Noticed a steam dragon
  3235 | D:4      | Killed from afar by a steam dragon

Illustrated notes

Levels and vault maps discovered:
D:1:      shiori_shiawase, layout_loops_ring, st_stairs_6
D:2:      layout_loops_corners, grunt_decor_junction
D:3:      layout_rooms, marbit_many_paths
D:4:      layout_loops_cross, minmay_temple_entry_wispy

Skill      XL: |  1  2  3  4 |
---------------+-------------+-----
Earth Magic    | 4 5 |  5.3
Spellcasting   | 3 |  3.5
Maces & Flails | |  0.5
Dodging        | |  1.5
Stealth        | |  2.1
Transmutations | |  0.7

Action                   |  1- 3 |  4- 6 || total
-------------------------+-------+-------++-------
Melee: Unarmed           |    15 |       ||    15
       Whip              |    27 |    12 ||    39
       Flail             |       |     3 ||     3
 Cast: Sandblast         |    40 |    24 ||    64
  Use: Scroll            |     7 |     2 ||     9
Armor: Robe              |    27 |     7 ||    34
Dodge: Dodged            |    47 |    14 ||    61
